Cogmind - Beta 16 @@@ ROGUE MODE // 2025.10.23 @ 18:33:19 Player: FloorSandwich Result: Destroyed by H-55 Commando with Gauss Rifle Performance ------------- Evolutions (3) 1500 Regions Visited (6) 1200 Robots Destroyed (54) 270 Value Destroyed (1964) 1964 Prototype IDs (1) 20 Alien Tech Used (0) 0 Bonus (0) 0 TOTAL SCORE: 4954 Bonus ------- None Cogmind --------- Core Integrity 0/700 Matter 274/300 Energy 99/100 System Corruption 8% Temperature Cool (0) Movement Core (150) Ox2 Location -7/Factory Parts ------- > --- POWER (2) -------- (None) > --- PROPULSION (3) --- Aluminum Leg > --- UTILITY (5) ------ Layered Light Armor Plating > --- WEAPON (3) ------- Heavy Flail > --- INVENTORY (5) ---- (None) Peak State ------------ > --- POWER ------------ Light Deuterium Engine Light Nuclear Core > --- PROPULSION ------- Aluminum Leg Aluminum Leg VSS Leg > --- UTILITY ---------- Compact Matter Pod Terrain Scanner Layered Light Armor Plating Layered Light Armor Plating Improved Recalibrator > --- WEAPON ----------- Particle Gun Precision Assault Rifle Precision Assault Rifle > --- INVENTORY -------- Layered Light Armor Plating Gatling Laser Heavy Flail [Rating: 42] Favorites ----------- Power Light Nuclear Core Engine Light Ion Engine Power Core Light Nuclear Core Propulsion Aluminum Leg Leg Aluminum Leg Utility Small Storage Unit Device Terrain Scanner Storage Small Storage Unit Processor Targeting Computer Protection Hardened Medium Armor Plating Weapon Battle Cannon Energy Gun Particle Gun Ballistic Gun Precision Assault Rifle Ballistic Cannon Battle Cannon Launcher Grenade Launcher Impact Weapon Heavy Flail Build | -11 -10 -10 -8 -7 -7 -7 ------- Run | Yrd Mat Sub Mat Fac Was Fac Slots Evolved 6 | . . . 4 2 . . Power 1 | . . . 1 . . . Propulsion 1 | . . . 1 . . . Utility 3 | . . . 2 1 . . Weapon 1 | . . . . 1 . . Parts Attached 57 | 6 2 4 13 27 . 5 Power 9 | 1 . . 2 6 . . Engine 4 | 1 . . 1 2 . . Core 5 | . . . 1 4 . . Reactor . | . . . . . . . Propulsion 14 | 2 . . 6 6 . . Treads . | . . . . . . . Leg 14 | 2 . . 6 6 . . Wheel . | . . . . . . . Hover . | . . . . . . . Flight . | . . . . . . . Utility 14 | 1 2 . 3 5 . 3 Device 3 | . . . 1 2 . . Storage 2 | 1 . . 1 . . . Processor 3 | . 2 . . 1 . . Hackware . | . . . . . . . Protection 6 | . . . 1 2 . 3 Artifact . | . . . . . . . Weapon 20 | 2 . 4 2 10 . 2 Energy Gun 5 | . . . . 4 . 1 Energy Cannon . | . . . . . . . Ballistic Gun 12 | 2 . 3 2 5 . . Ballistic Cannon 1 | . . 1 . . . . Launcher 1 | . . . . 1 . . Special Weapon . | . . . . . . . Impact Weapon 1 | . . . . . . 1 Slashing Weapon . | . . . . . . . Piercing Weapon . | . . . . . . . Special Melee Weapon . | . . . . . . . Unidentified Prototypes 1 | . . . . 1 . . Parts Lost 34 | . . 3 1 20 . 10 Power 7 | . . 1 1 3 . 2 Propulsion 8 | . . 1 . 5 . 2 Utility 9 | . . . . 5 . 4 Weapon 10 | . . 1 . 7 . 2 Highest Loss Streak 13 | . . 2 1 13 . 4 To Critical Strikes . | . . . . . . . Average Backups 3 | . 3 5 5 4 1 1 Power . | . . 1 . . . . Propulsion . | . 1 2 . 1 . . Utility . | . . . 1 . . . Weapon 2 | . 1 1 3 2 1 . Tool/Special . | . . . . . . . Unused Backups 3 | 1 . . . 1 1 . Power 1 | . . . . . 1 . Propulsion 1 | . . . . 1 . . Utility . | . . . . . . . Weapon 1 | 1 . . . . . . Tool/Special . | . . . . . . . Average Slot Usage (%) 87 | . 97 84 86 82 84 82 Engine 6 | . 14 2 5 1 7 5 Core 2 | . . . . 6 7 5 Leg 24 | . 28 25 26 21 23 17 Device 3 | . . . . 1 15 11 Storage 13 | . 14 14 17 13 7 6 Processor 7 | . 12 14 9 4 . . Protection 6 | . . . 8 9 . 13 Energy Gun 2 | . . . . 5 7 6 Ballistic Gun 14 | . 28 21 9 9 15 9 Ballistic Cannon 4 | . . 5 8 3 . . Peak Build Rating 42 | 6 8 8 25 38 34 42 Average Rating 21 | 4 7 6 20 29 33 33 On Entrance 15 | . 6 7 7 22 33 33 Avg Prop Armor Cover (%) 6 | . . . 5 6 . 9 Naked Turns . | . . . . . . . Heaviest Build 43 | 13 13 13 29 43 24 32 Greatest Support 45 | 20 20 20 45 45 32 32 Greatest Overweight (x) 8 | . . 1 3 2 . 8 Average Overweight (x) . | . . . . . . . Largest Inventory Capacity 8 | 8 8 8 8 8 5 5 Average Capacity 7 | 6 8 8 8 7 5 5 Most Carried 8 | 5 6 7 8 8 2 4 Average Carried 3 | . 3 5 5 4 1 1 Final Capacity 8 | 8 8 8 8 5 5 5 Final Carried 8 | . 5 5 8 1 1 . Class Distribution -------------------- 57% | Mutant 11% | Scavenger-Skirmisher 10% | Scavenger-Mutant 9% | Tank 9% | Scavenger-Tank Dominant Class ---------------- Mutant | -10/Materials Mutant | -10/Subcaves Mutant | -8/Materials Tank | -7/Factory Scavenger-Skirmisher | -7/Waste Scavenger-Tank | -7/Factory Resources | -11 -10 -10 -8 -7 -7 -7 ----------- Run | Yrd Mat Sub Mat Fac Was Fac Matter Collected 1792 | 226 99 115 500 627 . 225 Remotely . | . . . . . . . Salvage Created 1956 | . 166 227 279 1006 . 278 Parts 113 | . 11 19 14 66 . 3 Haulers Intercepted 1 | . . . . 1 . . Recyclers Shooed . | . . . . . . . Parts Field Recycled . | . . . . . . . Retrieved Matter . | . . . . . . . Parts Self-Destructed 11 | . . 11 . . . . Prevented . | . . . . . . . Parts Restored . | . . . . . . . Kills | -11 -10 -10 -8 -7 -7 -7 ------- Run | Yrd Mat Sub Mat Fac Was Fac Combat Hostiles Destroyed 43 | . 5 6 5 21 . 6 Guns 29 | . 5 5 3 12 . 4 Cannons 7 | . . 1 2 4 . . AOE 5 | . . . . 5 . . Classes Destroyed 14 | . 3 1 3 7 . . Worker 4 | . . . . 4 . . Builder 2 | . . . . 2 . . Hauler 1 | . . . . 1 . . Recycler 2 | . . . 1 1 . . Mechanic 1 | . . . . 1 . . Watcher 1 | . 1 . . . . . Swarmer 6 | . 3 . . 3 . . Grunt 23 | . 2 . 2 13 . 6 Brawler 1 | . . . . 1 . . Sentry 1 | . . . 1 . . . Specialist 2 | . . . . 2 . . Hunter 2 | . . . 2 . . . Programmer 2 | . . . . 2 . . Subdweller 6 | . . 6 . . . . Best Kill Streak 13 | . 3 3 2 13 . 2 Combat Bots Only 9 | . 3 3 1 9 . 2 Max Kills in Single Turn 3 | . 1 1 1 3 . 2 Gunslinging 1 | . . . . . . 1 Exploded 2 | . . . . 2 . . Melee . | . . . . . . . Uniques/NPCs Destroyed . | . . . . . . . Combat | -11 -10 -10 -8 -7 -7 -7 -------- Run | Yrd Mat Sub Mat Fac Was Fac Hostile Shots Fired 362 | . 25 37 31 166 . 103 Missed 78 | . 8 9 11 33 . 17 Hits 284 | . 17 28 20 133 . 86 Melee 4 | . . . . 4 . . Projectile 280 | . 17 28 20 129 . 86 Critical Strikes 14 | . . 1 . 9 . 4 Damage Taken 5155 | . 215 580 321 2425 . 1614 Core 927 | . 26 150 36 180 . 535 Absorbed by Shields . | . . . . . . . Core Remaining (%) 74 | 100 . 29 93 . . . Volleys Fired 134 | . 15 27 20 48 . 24 Largest 3 | . 2 2 2 3 . 3 Hottest 127 | . 40 63 63 127 . 121 Shots Fired 287 | . 30 44 40 125 . 48 Gun 247 | . 30 37 20 112 . 48 Cannon 38 | . . 7 20 11 . . Launcher 2 | . . . . 2 . . Special . | . . . . . . . Kinetic 235 | . 30 44 40 91 . 30 Thermal 50 | . . . . 32 . 18 Explosive 2 | . . . . 2 . . Electromagnetic . | . . . . . . . Robot Hit Streak 14 | . 6 14 12 11 . 8 Robot Miss Streak 3 | . 2 2 2 3 . 3 Penetration Max 1 | . . . . 1 . . Secondary Targets 10 | . 2 1 . 5 . 2 Max Gunslinging Chain 1 | . 1 1 . 1 . 1 Shots Hit Robots 216 | . 19 34 29 93 . 41 Core Hits 101 | . 10 14 11 55 . 11 Critical Kills . | . . . . . . . Critical Parts Destroyed 3 | . . . 2 . . 1 Critical Strikes 4 | . . . 3 . . 1 Destroy 2 | . . . 2 . . . Blast 1 | . . . 1 . . . Smash 1 | . . . . . . 1 Melee Attacks 23 | . . . . . . 23 Impact 23 | . . . . . . 23 Slashing . | . . . . . . . Piercing . | . . . . . . . Sneak Attacks . | . . . . . . . Combat Hostiles . | . . . . . . . Follow-up Attacks . | . . . . . . . Damage Inflicted 4807 | . 219 429 591 2652 . 916 Guns 3419 | . 219 309 302 1797 . 792 Cannons 563 | . . 120 289 154 . . Explosions 701 | . . . . 701 . . Melee 124 | . . . . . . 124 Ramming . | . . . . . . . Kinetic 3346 | . 219 429 591 1583 . 524 Thermal 964 | . . . . 696 . 268 Explosive 373 | . . . . 373 . . Electromagnetic . | . . . . . . . Impact 124 | . . . . . . 124 Slashing . | . . . . . . . Piercing . | . . . . . . . Highest Corruption 8 | . . . . 3 3 8 Average Corruption 3 | . . . . 2 3 3 Corruption Purged . | . . . . . . . Corruption Blocked . | . . . . . . . Effects 20 | . . . . . 5 15 Message Errors 5 | . . . . . 1 4 Matter Fused 5 | . . . . . . 5 Heat Flow Errors 4 | . . . . . 2 2 Energy Discharges 2 | . . . . . . 2 Data Loss (minor) 2 | . . . . . 1 1 Data Loss (major) 1 | . . . . . . 1 Alerts 1 | . . . . . 1 . Overload Shots . | . . . . . . . Overflow Damage 159 | . . . . 111 . 48 Projectiles . | . . . . . . . Explosions 111 | . . . . 111 . . Melee 48 | . . . . . . 48 Knockbacks 7 | . . 2 . 5 . . Impact . | . . . . . . . Kinetic 5 | . . 2 . 3 . . Secondary 2 | . . . . 2 . . Self-Inflicted Damage 92 | . . . . 92 . . Shots 2 | . . . . 2 . . Rammed 2 | . . . . . . 2 Targets Rammed 2 | . . . . . . 2 Kicked . | . . . . . . . Crushed . | . . . . . . . Highest Temperature 748 | . 18 . 21 507 165 748 Average Temperature 215 | . 9 . 8 153 75 370 Received Heat Transfer 1629 | . 111 60 117 702 . 639 Effects 66 | . . . . 8 . 58 Shutdowns 21 | . . . . 5 . 16 Energy Bleed 4 | . . . . . . 4 Interference 4 | . . . . 2 . 2 Matter Decay 7 | . . . . 1 . 6 Short Circuit 3 | . . . . . . 3 Damage (minor) 7 | . . . . . . 7 Damage (major) 17 | . . . . . . 17 Damage (core) 3 | . . . . . . 3 Siege Activations . | . . . . . . . Martial Activations . | . . . . . . . Shielding Activations . | . . . . . . . Robots Disrupted . | . . . . . . . Combat Hostiles . | . . . . . . . Robots Corrupted 2 | . . . . . . 2 Combat Hostiles 2 | . . . . . . 2 Parts Fried 2 | . . . . . . 2 Impact Corruptions 3 | . . . . . . 3 Robots Melted . | . . . . . . . Combat Hostiles . | . . . . . . . Parts Melted 1 | . . . . 1 . . Heat Transferred 1626 | . . . . 990 . 636 Parts Sabotaged . | . . . . . . . Parts Stolen . | . . . . . . . Parts Stripped . | . . . . . . . Power Chain Reactions . | . . . . . . . Alert | -11 -10 -10 -8 -7 -7 -7 ------- Run | Yrd Mat Sub Mat Fac Was Fac Maximum Alert Level 1 | . . . . 1 . . Low Security (%) 98 | 100 100 . 100 93 100 100 Level 1 1 | . . . . 6 . . Level 2 . | . . . . . . . Level 3 . | . . . . . . . Level 4 . | . . . . . . . Level 5 . | . . . . . . . High Security . | . . . . . . . Max Security . | . . . . . . . Peak Influence 243 | . 60 . 104 243 66 52 Initial 66 | . . . . 15 66 . Average 26 | . 7 . 19 74 15 5 Influence Increases 1169 | . 133 . 230 631 . 175 Destroy 0b10 Robot/C 740 | . 100 . 100 420 . 120 Destroy 0b10 Robot/NC 55 | . 5 . 5 45 . . Destroy Leader 144 | . 22 . 40 62 . 20 Successful Hack 16 | . 6 . 6 4 . . Disable Machine 45 | . . . 15 30 . . Destroy Structure 34 | . . . 4 25 . 5 Partial Spotted 30 | . . . 15 15 . . Lose Combat Pursuer 105 | . . . 45 30 . 30 Influence Decreases 1169 | . 133 . 195 477 189 175 Entered New Map 143 | . . . . 20 123 . Time Decay 748 | . 133 . 195 259 66 95 Lost Part 278 | . . . . 198 . 80 Squads Dispatched 16 | . . . 5 7 . 4 Investigation 5 | . . . 4 1 . . Extermination 3 | . . . . 2 . 1 Reinforcement 8 | . . . 1 4 . 3 Assault . | . . . . . . . Garrison . | . . . . . . . Intercept . | . . . . . . . Searches Triggered . | . . . . . . . Construction Impeded 1 | . . . . 1 . . Haulers Reinforced 1 | . . . . . . 1 Active Scanning Responses . | . . . . . . . Cargo Convoy Interrupts . | . . . . . . . Stealth | -11 -10 -10 -8 -7 -7 -7 --------- Run | Yrd Mat Sub Mat Fac Was Fac Distress Signals 3 | . 1 . 1 . . 1 Communications Jammed . | . . . . . . . Distress Signals . | . . . . . . . Times Spotted 70 | . 8 7 10 26 5 14 Peak Tracking Total 8 | . 4 3 3 8 4 5 Tactical Retreats 8 | . . 1 2 2 1 2 Traps | -11 -10 -10 -8 -7 -7 -7 ------- Run | Yrd Mat Sub Mat Fac Was Fac Traps Triggered 5 | . . . 3 2 . . Indirectly . | . . . . . . . Trap Hack Attempts . | . . . . . . . Triggered . | . . . . . . . Disarmed . | . . . . . . . Reprogrammed . | . . . . . . . Reused . | . . . . . . . Traps Extracted . | . . . . . . . Installed . | . . . . . . . Triggered . | . . . . . . . Machines | -11 -10 -10 -8 -7 -7 -7 ---------- Run | Yrd Mat Sub Mat Fac Was Fac Machines Disabled 3 | . . . 1 2 . . Max in Single Turn 2 | . . . 1 2 . . Machines Repaired . | . . . . . . . Machines Dismantled . | . . . . . . . Machines Sabotaged . | . . . . . . . Overloaded Fab Kills . | . . . . . . . Hacking | -11 -10 -10 -8 -7 -7 -7 --------- Run | Yrd Mat Sub Mat Fac Was Fac Machines Accessed 10 | . 3 . 6 1 . . Terminals 8 | . 3 . 5 . . . Fabricators . | . . . . . . . Repair Stations . | . . . . . . . Recycling Units 1 | . . . 1 . . . Scanalyzers 1 | . . . . 1 . . Garrison Access . | . . . . . . . Total Hacks 36 | . 9 . 21 6 . . Successful 8 | . 1 . 3 4 . . Failed 27 | . 8 . 18 1 . . Catastrophic 6 | . 1 . 5 . . . Database Lockouts 1 | . . . . 1 . . Manual 18 | . 6 . 12 . . . Terminals 27 | . 9 . 18 . . . Fabricators . | . . . . . . . Repair Stations . | . . . . . . . Recycling Units 3 | . . . 3 . . . Scanalyzers 6 | . . . . 6 . . Garrison Access . | . . . . . . . Terminal Hacks 3 | . 1 . 2 . . . Zone Layout 3 | . 1 . 2 . . . Fabricator Hacks . | . . . . . . . Repair Station Hacks . | . . . . . . . Recycling Unit Hacks 1 | . . . 1 . . . Retrieve Matter 1 | . . . 1 . . . Scanalyzer 4 | . . . . 4 . . Insert Component 1 | . . . . 1 . . Retrieve Study 3 | . . . . 3 . . Garrison Access Hacks . | . . . . . . . Unauthorized Hacks . | . . . . . . . Terminals . | . . . . . . . Fabricators . | . . . . . . . Repair Stations . | . . . . . . . Recycling Units . | . . . . . . . Scanalyzers . | . . . . . . . Garrison Access . | . . . . . . . Data Cores Recovered . | . . . . . . . Used . | . . . . . . . Hacking Detections 10 | . 3 . 6 1 . . Full Trace Events 8 | . 2 . 5 1 . . Feedback Events . | . . . . . . . Feedback Blocked . | . . . . . . . Robot Schematics Acquired . | . . . . . . . Robots Built . | . . . . . . . Authchips . | . . . . . . . Time . | . . . . . . . Total Robot Build Rating . | . . . . . . . Part Schematics Acquired . | . . . . . . . Parts Built . | . . . . . . . Authchips . | . . . . . . . Time . | . . . . . . . Total Part Build Rating . | . . . . . . . Part Studies Acquired 3 | . . . . 3 . . Parts Repaired . | . . . . . . . Time . | . . . . . . . Parts Recycled . | . . . . . . . Recycled Matter . | . . . . . . . Retrieved Matter . | . . . . . . . Retrieved Components . | . . . . . . . Parts Scanalyzed . | . . . . . . . Part Schematics Acquired . | . . . . . . . Parts Damaged . | . . . . . . . Bothacking | -11 -10 -10 -8 -7 -7 -7 ------------ Run | Yrd Mat Sub Mat Fac Was Fac Used RIF Installer . | . . . . . . . Robots Hacked . | . . . . . . . Non-combat . | . . . . . . . Combat . | . . . . . . . Robot Hacks Applied . | . . . . . . . Relay Couplers Released . | . . . . . . . Fabnet Peak Effective % . | . . . . . . . Robots Rewired . | . . . . . . . Allies Hacked . | . . . . . . . Hacks Repelled . | . . . . . . . Allies | -11 -10 -10 -8 -7 -7 -7 -------- Run | Yrd Mat Sub Mat Fac Was Fac Total Allies . | . . . . . . . Largest Group . | . . . . . . . Highest-Rated Group . | . . . . . . . Highest-Rated Ally . | . . . . . . . Total Orders . | . . . . . . . Ally Attacks . | . . . . . . . Total Damage . | . . . . . . . Kills . | . . . . . . . Allies Corrupted . | . . . . . . . Allies Melted . | . . . . . . . Intel | -11 -10 -10 -8 -7 -7 -7 ------- Run | Yrd Mat Sub Mat Fac Was Fac Active Infowar (turns) 1516 | . 344 . 120 156 331 565 Optics 464 | . 344 . 120 . . . Terrain 1052 | . . . . 156 331 565 Robot Analysis Total . | . . . . . . . Derelict Logs Recovered . | . . . . . . . Drone Launches . | . . . . . . . Drone Recoveries . | . . . . . . . Exploration | -11 -10 -10 -8 -7 -7 -7 ------------- Run | Yrd Mat Sub Mat Fac Was Fac Turns Passed 5323 | 64 1041 382 1725 1098 331 682 Spaces Moved 2484 | 50 568 232 679 512 242 201 Core 65 | 13 . . 3 . . 49 Treads . | . . . . . . . Legs 2419 | 37 568 232 676 512 242 152 Wheels . | . . . . . . . Hover . | . . . . . . . Flight . | . . . . . . . Fastest Speed 50 | 50 120 120 100 90 110 110 Average Speed 122 | 101 120 126 121 127 110 138 Slowest Speed 450 | 120 120 190 200 260 110 450 Overloaded Moves . | . . . . . . . Propulsion Burnouts . | . . . . . . . Robots Hopped . | . . . . . . . Potential Cave-ins 11 | . . . . . . 11 Cave-ins Triggered 1 | . . . . . . 1 Exploration Rate (%) 32 | 3 68 12 40 11 85 7 Regions Visited 6 Branch Regions 1 Pre-discovered Areas . | . . . . . . . Known Exits Taken . | . . . . . . . Unknown Exits Taken 4 | 1 1 1 1 . . . Scrap Searched . | . . . . . . . Spaces Dug 15 | . . . . . . 15 Terrain Destroyed 49 | . . . 3 31 . 15 Melee 15 | . . . . . . 15 Projectile 4 | . . . 3 1 . . AOE 30 | . . . . 30 . . Terrain Rammed . | . . . . . . . Walls Destroyed . | . . . . . . . Machines Disabled . | . . . . . . . Actions | -11 -10 -10 -8 -7 -7 -7 --------- Run | Yrd Mat Sub Mat Fac Was Fac Total 4466 | 63 901 284 1533 855 307 523 Wait 1672 | . 309 13 794 235 64 257 Move 2478 | 49 567 231 678 512 241 200 Hop . | . . . . . . . Pick Up 59 | 7 7 5 15 20 1 4 Fast Attach 6 | . . . 4 2 . . Attach 48 | 6 2 2 10 22 . 6 Detach 3 | . 1 . 1 . . 1 Swap 18 | . . 2 7 7 . 2 Drop 22 | 1 . 4 4 9 1 3 Fire 134 | . 15 27 20 48 . 24 Melee 23 | . . . . . . 23 Ram 2 | . . . . . . 2 Kick . | . . . . . . . Crush . | . . . . . . . Escape Stasis 1 | . . . . . . 1 Rewire . | . . . . . . . Trap . | . . . . . . . Miscellaneous . | . . . . . . . Route ------- -11/Scrapyard -10/Materials (discovered 3 exits: [*Mat x2] / [*Sub]) -10/Subcaves -8/Materials -7/Factory -7/Waste -7/Factory History --------- Turn | Location | Event 7 | -11/Scrapyard | Discovered new exit (range 16) 65 | -11/Scrapyard | Entered Materials 304 | -10/Materials | Build established: Mutant 308 | -10/Materials | Discovered new exit (range 18) 465 | -10/Materials | Discovered new exit (range 18) 1038 | -10/Materials | Discovered new exit (range 8) 1106 | -10/Materials | Entered Subcaves 1107 | -10/Subcaves | Approached by a straggling Scientist 1307 | -10/Subcaves | Ambushed by Subdwellers from Twisted Machinery 1319 | -10/Subcaves | Core integrity fell below 50% 1364 | -10/Subcaves | Discovered new exit (range 10) 1426 | -10/Subcaves | A Subdweller sparked back to life 1426 | -10/Subcaves | A Subdweller sparked back to life 1426 | -10/Subcaves | A Subdweller sparked back to life 1488 | -10/Subcaves | Entered Materials 1488 | -8/Materials | Evolved 4 slots: Power x1, Propulsion x1, Utility x2 1762 | -8/Materials | Build established: Scavenger-Mutant 2180 | -8/Materials | Build established: Mutant 3207 | -8/Materials | Discovered new exit (range 4) 3213 | -8/Materials | Entered Factory 3213 | -7/Factory | Evolved 2 slots: Utility x1, Weapon x1 3504 | -7/Factory | Central database locked down 3543 | -7/Factory | Build established: Tank 3974 | -7/Factory | Destroyed 9 combat bots 3981 | -7/Factory | Lost 13 parts (2p3n4u4w) 4097 | -7/Factory | Lost 6 parts (2n1u3w) 4311 | -7/Factory | Sucked down chute 4311 | -7/Factory | Entered Waste 4369 | -7/Waste | Spotted C-40 Crusher 4381 | -7/Waste | Build established: Scavenger-Skirmisher 4444 | -7/Waste | Spotted C-40 Crusher 4461 | -7/Waste | Spotted C-40 Crusher 4508 | -7/Waste | Spotted C-40 Crusher 4509 | -7/Waste | Spotted C-40 Crusher 4515 | -7/Waste | Spotted C-40 Crusher 4629 | -7/Waste | Discovered new exit (range 11) 4642 | -7/Waste | Entered Factory 4969 | -7/Factory | Build established: Scavenger-Tank 5090 | -7/Factory | Core integrity fell below 50% 5117 | -7/Factory | Core integrity fell below 20% 5173 | -7/Factory | Lost 4 parts (2p1n1w) 5300 | -7/Factory | Lost 4 parts (3u1w) 5312 | -7/Factory | Crushed by falling debris 5324 | -7/Factory | Destroyed by H-55 Commando with Gauss Rifle Last Messages --------------- Acquired 50 matter. Slug penetrates Wall. Penetrated by Slug. Terrain Scanner destroyed. Slug penetrates Wall. U-05 Engineer builds a Wall. ALERT: Potential suspicious activity detected, Programmers report to Factory Zone 2U. The unstable cave ceiling collapses. Crushed by falling debris. Com. Matter Pod destroyed. System corrupted by crushing effect (+5). U-05 Engineer builds a Wall. O-16 Technician: "IFF HANDSHAKE FAILED. SECURING TERMINAL." K-01 Serf collects debris. Slug penetrates Wall. ALERT: Hostiles spotted, dispatching reinforcements to Terminal F011. Slug penetrates Wall. Map ----- +----------------------------------------------------+ | ?????????????????????????????????????????????????? | | ?????????????????????????????????????????????????? | | ?????????????????????????????????????????????????? | | ?????????????????????????????????????????????????? | | ?????????????????????????????????????????????????? | | ?????????????????????????????????????????????????? | | ?????????????????????????????????????????????????? | | ?????????????????????????????????????????????????? | | ?????????????????????????????????????????????????? | | ?????????????????????????????????????????????????? | | ??????????????????????????? ???????????????????? | | ??????????????????????????? ?????????????????? | | ??????????????????????????? #????????????????? | | ??????????????????????????? #????????????????? | | ??????????????????????????? #????????????????? | | ??????????????????????????? #????????????????? | | ??????????????????????????? #????????????????? | | ??????????????????????????# #????????????????? | | ??????????????????######### +????????????????? | | ?????????????????? # #????????????????? | | ?????????????????" """ # #????????????????? | | ???????????????""" """ # ######### ???????? | | ?????????????# """ """ # ???????? | | ?????????????# # ??????? | | ?????????????# # ??????? | | ?????????????# */ @/ k ??????? | | ?????????????# *! # ??????? | | ?????????????# # ###+####?????????? | | ?????????????# # #????????????????? | | ?????????????# ! # #????????????????? | | ?????????????# h # #????????????????? | | ???????????################ #????????????????? | | ???????????# # # # #????????????????? | | ???????????# """ ######## #????????????????? | | ???????????# """ #?????? #????????????????? | | ???????????# """ #??????T #????????????????? | | ???????????# #??#???# #????????????????? | | ???????????# """ #??????# # ???????????????? | | ??? ## """ #?##?### #?? ?????????????? | | ???? + ] """ #??????# #? ??????????????? | | ???????? ## #??????# ##???????????????? | | ??????? ???#! """ #??#?### ##???#???????????? | | ???????????# """ ######## #### #####???????? | | ???????????# """ # ??????? | | ???????????# # ??????? | | ???????????# # ?????? | | ???????????# " " + ?????? | | ???????????# "R" # ?????? | | ???????????#! """ # ###+###########?????????? | | ???????? ######### # #??????????? | +----------------------------------------------------+ Best States ------------- Heat Dissipation 34 Energy Generation 23 Energy Capacity 300 Matter Stores 450 Matter Capacity 450 Sight Range 21 Terrain Scan Range 14 Terrain Scan Density 10 Armor Coverage 450 Evasion (%) 55 Targeting Accuracy 6 Item Schematics ----------------- None Robot Schematics ------------------ None Fabricated ------------ Nothing Repaired ---------- Nothing Studied --------- Hvy. Assault Rifle | -7/Factory | Hacked Hpw. Shotgun | -7/Factory | Hacked Titanium Leg | -7/Factory | Hacked Alien Tech Used ----------------- None Achievements -------------- Hydra Party Time Spot Them First Challenges ------------ None Game ------ Seed InterceptIonProcessor Manual? 0 Play Time 00:32:45 Cumulative 12.9 hours Start 2025.10.23 @ 18:04:46 End 2025.10.23 @ 18:33:19 Sessions 1 Manual Loads 0 Difficulty Rogue Special Mode None Game No. 45 Rogue 45 Adventurer 0 Explorer 0 Win Type - Total 0 Types 0/0/0/0/0/0/0/0/0/0 Lore% 7 Gallery% 15 Achievement% 12 Wizard Run 0 Options --------- Layout 1 ASCII 0 Keyboard 0 Movement Arrows Keybinds 0 Fullscreen 1 Font 24/Smallcaps Map View 50x35 Zoom Use 0% Tactical HUD 0 Map Filters NONE Filters NONE Steam 1 RUN: ae338a0c-45d3-4c1f-87af-0cc6060f897c